 Dungeon Crawl Stone Soup version 0.30-a0-358-g0d69a1922f (webtiles) character file.

Game seed: 14561492239836648824

242 kae the Firebug (level 6, -1/32 HPs)
             Began as a Tengu Fire Elementalist on Nov 8, 2022.
             Slain by an orc warrior
             ... wielding a +0 scimitar
              (12 damage)
             ... on level 4 of the Dungeon.
             The game lasted 00:02:47 (3150 turns).

kae the Firebug (Tengu Fire Elementalist)           Turns: 3150, Time: 00:02:47

Health: -1/32      AC:  4    Str:  8    XL:     6   Next: 9%
Magic:  3/11       EV: 14    Int: 18    God:
Gold:   191        SH:  0    Dex: 14    Spells: 5/11 levels left

rFire   . . .      SeeInvis .    e - +2 spear (venom)
rCold   . . .      Faith    .    (no shield)
rNeg    . . .      Spirit   .    a - +0 robe
rPois   .          Reflect  .    (helmet restricted)
rElec   .          Harm     .    (no cloak)
rCorr   +          Rampage  .    f - +1 pair of gloves
Will    .....                    (boots unavailable)
Stlth   ++........               (no amulet)
HPRegen 0.25/turn                R - ring of resist corrosion
MPRegen 0.12/turn                (no ring)

@: flying quickly and evasively, quick
A: beak, talons 3, nimble flight
a: no special abilities


You were on level 4 of the Dungeon.
You visited 1 branch of the dungeon, and saw 4 of its levels.

You collected 191 gold pieces.


Innate Abilities, Weirdness & Mutations

You have a beak for a mouth.
You have claws for feet.
Your magical nature lets you fly swiftly and evasively.


   Skills:
 - Level 2.1 Dodging
 - Level 2.0 Stealth
 + Level 3.0 Spellcasting
 * Level 4.8 Conjurations
 + Level 0.8 Hexes
 * Level 5.1 Fire Magic


You had 5 spell levels left.
You knew the following spells:

 Your Spells              Type           Power      Damage    Failure   Level
a - Foxfire               Conj/Fire      80%        2x1d8     2%          1
b - Scorch                Fire           42%        2d7       3%          2
c - Inner Flame           Hex/Fire       13%        N/A       14%         3

Your spell library contained the following spells:

 Spells                   Type           Power      Damage    Failure   Level
 Beastly Appendage        Tmut           4%         N/A       16%         1
 Necrotise                Necr           8%         1d4       16%         1
 Flame Wave               Conj/Fire      20%        2d7       22%         4
 Wereblood                Tmut           2%         N/A       24%         2
 Kindle Blastsparks       Fire/Tloc/Air  16%        2d11      24%         3
 Ozocubu's Armour         Ice            2%         N/A       43%         3
 Spider Form              Tmut/Pois      2%         N/A       43%         3
 Vampiric Draining        Necr           2%         2d6       43%         3
 Agony                    Necr           2%         N/A       99%         5
 Ozocubu's Refrigeration  Ice            1%         4d7       100%        7

Inventory:

Hand Weapons
 d - a +0 short sword
   (You took it off a kobold on level 1 of the Dungeon)
 e - a +2 spear of venom (weapon)
   (You found it on level 1 of the Dungeon)
Missiles
 c - 43 stones
 g - 3 curare-tipped darts {=f}
 i - 3 boomerangs
 p - 8 poisoned darts
Armour
 a - a +0 robe (worn)
 f - a +1 pair of gloves (worn)
   (You found it on level 2 of the Dungeon)
Jewellery
 R - a ring of resist corrosion (left hand)
   (You took it off a kobold on level 2 of the Dungeon)
Scrolls
 h - 2 scrolls of immolation {!r!r}
 j - 4 scrolls of identify {@r1}
 l - 3 scrolls of teleportation {@r4}
 n - 4 scrolls of fog
 o - a scroll of fear
 r - a scroll of enchant armour
Potions
 b - 2 potions of magic
 k - 5 potions of curing {@q1}
 m - 2 potions of heal wounds {@q2}
 q - 2 potions of resistance {unknown}

Dungeon Overview and Level Annotations

Branches:
Dungeon (4/15) Zot: 20864
 Temple: D:4-7

Altars:
Ashenzari
Nemelex Xobeh
Okawaru

Shops:
D:1 [

Annotations:
D:3 1 runed translucent door, RatherSlowDeath's ghost, weakling OpEE

###########
#........o############
####.####...@............
#...#.....##.####.#######
#.##.#######.# #ยง#
#.##.# ###.####.# #.##.#
.........# #.##.#
##.###..# #.##.# #.# #..#
#.##.# #.# #)## #.##..
... #.#.#


You could see an orc warrior.


Message History

You lost 1 mp, and now have 10/11 mp.
Casting: Foxfire (safe; 2% risk of failure)
Confirm with . or Enter, or press ? or * to list all spells.
You conjure some foxfire!
The foxfire hits the ball python.
You kill the ball python! ๐Ÿ˜Ž MP[-1]
You lost 1 mp, and now have 9/11 mp.
You now have 191 gold pieces (gained 11).
An orc comes into view.
It is wielding a +0 falchion. ๐Ÿ˜Ž MP[+2]
Your mp is fully restored (11).
Casting: Foxfire (safe; 2% risk of failure)
Confirm with . or Enter, or press ? or * to list all spells.
You conjure some foxfire!
The foxfire hits the orc.
The orc shouts!
The foxfire hits the orc.
An orc is nearby! ๐Ÿ˜Ž MP[-1]
You lost 1 mp, and now have 10/11 mp.
An orc is nearby!
An orc is nearby!
Casting: Foxfire (safe; 2% risk of failure)
Confirm with . or Enter, or press ? or * to list all spells.
You conjure some foxfire!
An orc wizard comes into view.
It is wielding a +0 dagger and wearing a +1 robe of fire resistance.
The foxfire hits the orc. x2
You kill the orc!
An orc warrior comes into view. It is wielding a +0 scimitar.
The orc wizard shouts! ๐Ÿ˜Ž MP[-1]
You lost 1 mp, and now have 9/11 mp.
There are monsters nearby!
Casting: Foxfire (safe; 2% risk of failure)
Confirm with . or Enter, or press ? or * to list all spells.
You conjure some foxfire!
The orc warrior shouts!
The foxfire hits the orc warrior but does no damage.
The orc wizard gestures wildly while chanting.
The orc wizard flickers and vanishes!
Deactivating autopickup; reactivate with Ctrl-A.
The foxfire hits the orc warrior.
An orc warrior is nearby! ๐Ÿ˜Ž MP[-1]
You lost 1 mp, and now have 8/11 mp. ๐Ÿ˜Ž MP[+1]
Casting: Foxfire (safe; 2% risk of failure)
Confirm with . or Enter, or press ? or * to list all spells.
You conjure some foxfire!
The foxfire hits the orc warrior. ๐Ÿ˜Ž MP[-1]
You lost 1 mp, and now have 8/11 mp.
The foxfire hits the orc warrior!
Casting: Foxfire (safe; 2% risk of failure)
Confirm with . or Enter, or press ? or * to list all spells.
Flames lash the orc warrior.
The orc warrior's fire resistance burns away.
The orc warrior hits you with a +0 scimitar! ๐Ÿ˜ฎ HP[-10] MP[-1]
You take 10 damage, and now have 22/32 hp.
MASSIVE DAMAGE!! (PAUSE)
You lost 1 mp, and now have 7/11 mp. ๐Ÿ˜ฎ HP[+1]
Casting: Scorch (safe; 3% risk of failure)
Confirm with . or Enter, or press ? or * to list all spells.
Flames lash something.
The orc warrior is no longer more vulnerable to fire.
The orc warrior closely misses you. The orc warrior misses you. ๐Ÿ˜ฎ MP[-2]
You lost 2 mp, and now have 5/11 mp.
Casting: Scorch (safe; 3% risk of failure)
Confirm with . or Enter, or press ? or * to list all spells.
You conjure some foxfire!
The foxfire hits the orc warrior.
The foxfire hits the orc warrior but does no damage. ๐Ÿ˜ฎ HP[+1] MP[-1]
You lost 1 mp, and now have 4/11 mp.
Casting: Foxfire (safe; 2% risk of failure)
Confirm with . or Enter, or press ? or * to list all spells.
You conjure some foxfire!
Something hits you but does no damage. The orc warrior barely misses you.
The foxfire hits the orc warrior but does no damage.
The foxfire hits something.
Something hits you but does no damage.
The orc warrior hits you with a +0 scimitar!
* * * LOW HITPOINT WARNING * * *
๐Ÿ˜จ HP[-10] MP[-1]
You take 10 damage, and now have 14/32 hp.
MASSIVE DAMAGE!! (PAUSE)
You lost 1 mp, and now have 3/11 mp.
Casting: Foxfire (safe; 2% risk of failure)
Confirm with . or Enter, or press ? or * to list all spells.
You conjure some foxfire!
The orc warrior misses you. Something hits you.
* * * LOW HITPOINT WARNING * * *
The foxfire hits something but does no damage.
The foxfire hits the orc warrior but does no damage.
Something hits you.
* * * LOW HITPOINT WARNING * * *
The orc warrior hits you with a +0 scimitar!
You die...

Skill      XL: |  1  2  3  4  5  6 |
---------------+-------------------+-----
Conjurations   | 2 3 4 |  4.8
Fire Magic     | 4 5 |  5.1
Spellcasting   | 3 |  3.0
Dodging        | |  2.1
Stealth        | |  2.0
Hexes          | |  0.8

Action                   |  1- 3 |  4- 6 || total
-------------------------+-------+-------++-------
Melee: Spear             |    16 |    18 ||    34
       Short sword       |     2 |       ||     2
       Peck              |     5 |       ||     5
       Kick              |     2 |       ||     2
 Cast: Foxfire           |    43 |    62 ||   105
       Scorch            |     8 |     8 ||    16
  Use: Scroll            |     2 |     9 ||    11
       Potion            |       |     3 ||     3
 Stab: Sleeping          |       |     1 ||     1
Armor: Robe              |     8 |     8 ||    16
       Skin              |       |    12 ||    12
Dodge: Dodged            |    13 |    21 ||    34

Levels and vault maps discovered:
D:1:      arrival_aquarium_b, layout_basic, serial_shops, nicolae_square_shop,
          ebering_ecumenical_altar_abandoned, corexii_corridor_pit, st_stairs_5
D:2:      layout_basic
D:3:      layout_rooms, gammafunk_temple_overflow_forgotten, serial_aquarium,
          aquarium_bridge_square [aquarium_subvault_bridge,
          aquarium_subvault_window, aquarium_subvault_window,
          aquarium_subvault_window], aquarium_window_fake, aquarium_window_1,
          aquarium_window_2, aquarium_window_fake, aquarium_view_2d,
          aquarium_balcony_1a, aquarium_pool_2, hellmonk_ghost_happy_afterlife
D:4:      layout_loops_ring, minmay_quadrilaterals

Notes
Turn   | Place    | Note
-------+----------+-------------------------------------------
     0 | D:1      | kae the Tengu Fire Elementalist began the quest for the
                  | Orb.
     0 | D:1      | Reached XP level 1. HP: 10/10 MP: 4/4
     0 | D:1      | magus.rc [v1.11.3]
     3 | D:1      | Noticed an electric eel
     4 | D:1      | Noticed an electric eel
   149 | D:1      | Reached skill level 2 in Conjurations
   149 | D:1      | Reached XP level 2. HP: 15/15 MP: 6/6
   149 | D:1      | Found a faded altar of an unknown god.
   186 | D:1      | Found Qecruir's Armour Shoppe.
   202 | D:1      | Learned a level 2 spell: Scorch
   285 | D:1      | You add the spells Ozocubu's Armour and Ozocubu's
                  | Refrigeration to your library.
   337 | D:1      | You pick up a book of Necromancy and begin reading...
   337 | D:1      | You add the spells Necrotise, Vampiric Draining and Agony
                  | to your library.
   426 | D:1      | Reached XP level 3. HP: 19/19 MP: 3/7
   818 | D:2      | Reached skill level 4 in Fire Magic
  1009 | D:2      | Reached skill level 3 in Conjurations
  1267 | D:2      | You pick up a book of Changes and begin reading...
  1267 | D:2      | You add the spells Beastly Appendage, Wereblood and Spider
                  | Form to your library.
  1420 | D:2      | Reached XP level 4. HP: 24/24 MP: 1/8
  2098 | D:3      | Found a runed translucent door.
  2098 | D:3      | Noticed RatherSlowDeath's ghost (weakling OpEE)
  2117 | D:3      | Found a sparkling altar of Nemelex Xobeh.
  2122 | D:3      | Found a broken altar of Ashenzari.
  2217 | D:3      | Found an iron altar of Okawaru.
  2434 | D:3      | Learned a level 3 spell: Inner Flame
  2487 | D:3      | Reached skill level 4 in Conjurations
  2487 | D:3      | Gained mutation: Your magical nature lets you fly swiftly
                  | and evasively. [Tengu growth]
  2487 | D:3      | Reached XP level 5. HP: 13/28 MP: 0/10
  2582 | D:4      | HP: 3/28 [orc/+4 hand axe (11)]
  2877 | D:4      | Reached skill level 5 in Fire Magic
  2938 | D:4      | Reached XP level 6. HP: 32/32 MP: 6/11
  3053 | D:4      | Reached skill level 3 in Spellcasting
  3127 | D:4      | Noticed an orc warrior
  3150 | D:4      | Slain by an orc warrior

Vanquished Creatures
  4 orc wizards
  5 adders
  2 dart slugs
  13 orcs
  4 endoplasms
  3 giant cockroaches (D:1)
  7 goblins
  9 hobgoblins
  8 jackals
  6 kobolds
  4 quokkas
  5 ball pythons
  3 bats
  A frilled lizard (D:1)
  2 rats (D:1)
76 creatures vanquished.

Vanquished Creatures (others)
  186 foxfires
186 creatures vanquished.

Grand Total: 262 creatures vanquished

Table legend:
 A = Non-vault XP
 B = Vault XP
 C = Vault XP percentage of total XP
 D = Non-vault monster count
 E = Vault monster count
 F = Vault count percentage of total count
                 A         B        C        D         E       F
            +---------+---------+-------+---------+---------+-------
      Total |     339 |       8 |   2.3 |      72 |       4 |   5.3
            +---------+---------+-------+---------+---------+-------
        D:1 |      40 |       4 |   9.1 |      23 |       2 |   8.0
        D:2 |      39 |       0 |   0.0 |      15 |       0 |   0.0
        D:3 |     109 |       0 |   0.0 |       9 |       0 |   0.0
        D:4 |     151 |       4 |   2.6 |      25 |       2 |   7.4
            +---------+---------+-------+---------+---------+-------

Illustrated notes

Table legend:
 A = Kills in this place as a percentage of kills in entire the game.
 B = Kills by you in this place as a percentage of kills by you in the entire game.
 C = Kills by friends in this place as a percentage of kills by friends in the entire game.
 D = Other kills in this place as a percentage of other kills in the entire game.
 E = Experience gained in this place as a percentage of experience gained in the entire game.
 F = Experience gained in this place divided by the number of levels of this place that you have seen.
                   A       B       C       D       E      F
               +-------+-------+-------+-------+-------+----------------------
         Total | 100.0 | 100.0 |   N/A |   N/A | 100.0 |  86.8
       Dungeon | 100.0 | 100.0 |   N/A |   N/A | 100.0 |  86.8
               +-------+-------+-------+-------+-------+----------------------

Table legend: (Time is in decaauts)
 A = Elapsed time spent in this place.
 B = Non-inter-level travel time spent in this place.
 C = Inter-level travel time spent in this place.
 D = Time resting spent in this place.
 E = Time spent auto-exploring this place.
 F = Levels seen in this place.
 G = Mean time per level.
                   A        B        C        D        E       F      G
               +--------+--------+--------+--------+--------+-----+--------+
         Total |   3134 |   3072 |     62 |    101 |   2495 |   4 |  783.5 |
       Dungeon |   3134 |   3072 |     62 |    101 |   2495 |   4 |  783.5 |
               +--------+--------+--------+--------+--------+-----+--------+

Top non-repeatable levels by time:
     D:2: 1094 daAuts
     D:1: 771 daAuts
     D:3: 671 daAuts
     D:4: 598 daAuts
